 Dungeon Crawl Stone Soup version 0.28-a0-750-g7c675f85b1 (webtiles) character file.

Game seed: 16018625426864059866

11 bande the Covered (level 2, 0/19 HPs)
             Began as a Gargoyle Fighter on Oct 30, 2021.
             Slain by a gnoll (5 damage)
             ... on level 1 of the Dungeon.
             The game lasted 00:00:33 (688 turns).

bande the Covered (Gargoyle Fighter)                 Turns: 688, Time: 00:00:33

Health: 0/19       AC:  9    Str: 19    XL:     2   Next: 25%
Magic:  2/2        EV:  9    Int:  8    God:
Gold:   0          SH:  4    Dex:  9    Spells: 1/1 levels left

rFire   . . .      SeeInvis .   a - +0 war axe
rCold   . . .      Faith    .   c - +0 buckler
rNeg    + . .      Spirit   .   b - +0 scale mail
rPois   ∞          Reflect  .   (no helmet)
rElec   +          Harm     .   (no cloak)
rCorr   .          Rampage  .   (no gloves)
Will    .....                   (no boots)
Stlth   ..........              (no amulet)
HPRegen 0.06/turn               (no ring)
MPRegen 0.08/turn               (no ring)

@: no status effects
A: sickness immunity, AC +2, negative energy resistance 1, electricity
resistance, torment resistance 1, petrification resistance
a: no special abilities


You were on level 1 of the Dungeon.
You visited 1 branch of the dungeon, and saw 1 of its levels.

Inventory:

Hand Weapons
 a - a +0 war axe (weapon)
Armour
 b - a +0 scale mail (worn)
 c - a +0 buckler (worn)
Scrolls
 e - a scroll of identify {unknown}
Potions
 d - a potion of might


   Skills:
 + Level 3.4 Fighting
 + Level 2.2 Axes
 + Level 3.4 Armour
 - Level 3.3 Shields


You had one spell level left.
You didn't know any spells.
Your spell library was empty.

Dungeon Overview and Level Annotations

Branches:
Dungeon (1/15)

Altars:


Innate Abilities, Weirdness & Mutations

You are immune to sickness and miasma.
Your stone body is resilient. (AC +2)
You are immune to poison.
You resist negative energy. (rN+)
You are resistant to electric shocks. (rElec)
You are resistant to unholy torment.
You are immune to petrification.


Message History

You start resting.
HP restored.
You start waiting.
Done waiting.
Found 19 bolts.
Things that are here:
a +0 dagger; 2 stones; a kobold skeleton
Found 23 bolts.
A gnoll comes into view. It is wielding a +0 flail of draining.
The gnoll shouts!
The gnoll hits you with a +0 flail of draining.
An endoplasm comes into view.
You hit the gnoll.
The gnoll is moderately wounded.
The gnoll misses you. The gnoll barely misses you.
You completely miss the gnoll.
The gnoll is moderately wounded.
You slash the endoplasm!
You kill the endoplasm!
The gnoll closely misses you.
You hit the gnoll.
The gnoll is heavily wounded.
The gnoll hits you but does no damage.
Your scale mail prevents you from hitting the gnoll.
The gnoll is heavily wounded.
The gnoll hits you with a +0 flail of draining!
* * * LOW HITPOINT WARNING * * *
The gnoll completely misses you.
You are too injured to fight recklessly!
You are too injured to fight recklessly!
You are too injured to fight recklessly!
You are too injured to fight recklessly!
You are too injured to fight recklessly!
You are too injured to fight recklessly!
You are too injured to fight recklessly!
You are too injured to fight recklessly!
You barely miss the gnoll.
The gnoll is heavily wounded.
The gnoll hits you with a +0 flail of draining.
You die...

.# .##.# .(..# # ...###
#. ...... #.###...# ###
#.##.......#### #####..
#....g@#......###......
#######..# ##..(...##
#.## #....#'##. #.#
#..###..#. #.#
##'##...#. #.#
#...#...#. #.#
#...#...#. #.#
#≈≈≈#≈≈§#≈ #.#
#≈≈≈#≈≈§#


You could see a gnoll.

Vanquished Creatures
  A dart slug (D:1)
  An endoplasm (D:1)
  A hobgoblin (D:1)
  2 quokkas (D:1)
  A frilled lizard (D:1)
  A kobold (D:1)
  2 rats (D:1)
9 creatures vanquished.

Notes
Turn   | Place    | Note
-------+----------+-------------------------------------------
     0 | D:1      | bande the Gargoyle Fighter began the quest for the Orb.
     0 | D:1      | Reached XP level 1. HP: 14/14 MP: 1/1
   312 | D:1      | Reached XP level 2. HP: 10/19 MP: 2/2
   688 | D:1      | Slain by a gnoll

Illustrated notes

Levels and vault maps discovered:
D:1:      dpeg_arrival_water_fire, layout_loops_ring,
          chequers_ecumenical_altar_island, kennysheep_small_spiral

Skill      XL: |  1 |
---------------+----+-----
Axes           | 2 |  2.2
Fighting       | |  3.4
Armour         | |  3.4
Shields        | |  3.3

Action                   || total
-------------------------++-------
Melee: War axe           ||    23
Armor: Scale mail        ||    15
Dodge: Dodged            ||    17
Block: Buckler           ||     2

Table legend: (Time is in decaauts)
 A = Elapsed time spent in this place.
 B = Non-inter-level travel time spent in this place.
 C = Inter-level travel time spent in this place.
 D = Time resting spent in this place.
 E = Time spent auto-exploring this place.
 F = Levels seen in this place.
 G = Mean time per level.
                   A        B        C        D        E       F      G
               +--------+--------+--------+--------+--------+-----+--------+
         Total |    697 |    667 |     30 |    235 |    365 |   1 |  697.0 |
       Dungeon |    697 |    667 |     30 |    235 |    365 |   1 |  697.0 |
               +--------+--------+--------+--------+--------+-----+--------+

Top non-repeatable levels by time:
     D:1: 697 daAuts
